 Dungeon Crawl Stone Soup version 0.28.0-53-g5a82cb258f (webtiles) character file.

Game seed: 1646672262590286741

11 Stomo the Skirmisher (level 2, -2/26 HPs)
             Began as a Draconian Monk on July 5, 2022.
             Slain by a goblin
             ... wielding a +2 dagger of venom
              (3 damage)
             ... on level 1 of the Dungeon.
             The game lasted 00:00:19 (406 turns).

Stomo the Skirmisher (Draconian Monk)                Turns: 406, Time: 00:00:20

Health: -2/26      AC:  4    Str: 13    XL:     2   Next: 13%
Magic:  2/2        EV: 12    Int: 10    God:
Gold:   33         SH:  0    Dex: 13    Spells: 1/1 levels left

rFire   . . .      SeeInvis .   a - +0 mace
rCold   . . .      Faith    .   (no shield)
rNeg    . . .      Spirit   .   (armour unavailable)
rPois   .          Reflect  .   (helmet restricted)
rElec   .          Harm     .   (no cloak)
rCorr   .          Rampage  .   (no gloves)
Will    .....                   (no boots)
Stlth   ++........              (no amulet)
HPRegen 0.08/turn               (no ring)
MPRegen 0.08/turn               (no ring)

@: lethally poisoned (-2 -> -17)
A: AC +4, unfitting armour, cold-blooded
a: no special abilities


You were on level 1 of the Dungeon.
You visited 1 branch of the dungeon, and saw 1 of its levels.

You collected 33 gold pieces.

Inventory:

Hand Weapons
 a - a +0 mace (weapon)
Scrolls
 b - a scroll of fear {unknown}
Potions
 c - a potion of attraction {unknown}


   Skills:
 + Level 3.6 Fighting
 + Level 3.2 Maces & Flails
 + Level 2.9 Dodging
 - Level 1.7 Stealth


You had one spell level left.
You didn't know any spells.
Your spell library was empty.

Dungeon Overview and Level Annotations

Branches:
Dungeon (1/15)

Altars:


Innate Abilities, Weirdness & Mutations

Your plain brown scales are hard. (AC +4)
You cannot fit into any form of body armour.
You are cold-blooded and may be slowed by cold attacks.


Message History

You hit the endoplasm.
The endoplasm is heavily wounded.
The endoplasm closely misses you.
You completely miss the endoplasm.
The endoplasm is heavily wounded.
The endoplasm hits you.
You hit the endoplasm. You tail-slap the endoplasm.
You kill the endoplasm!
You barely miss the goblin.
The goblin hits you with a +2 dagger of venom.
You are poisoned.
You barely miss the goblin.
You tail-slap the goblin, but do no damage.
You feel very sick. The goblin barely misses you.
You closely miss the goblin.
You feel sick. The goblin completely misses you.
The goblin hits you but does no damage.
You barely miss the goblin.
You feel sick. The goblin barely misses you.
You miss the goblin.
You feel sick.
The goblin hits you with a +2 dagger of venom.
A goblin is nearby!
A goblin is nearby!
Unknown command.
You closely miss the goblin. Your punch misses the goblin.
You feel sick. The goblin hits you but does no damage.
You are more poisoned.
You closely miss the goblin.
Your tail-slap misses the goblin.
You feel sick. The goblin hits you but does no damage.
You are lethally poisoned!
The goblin closely misses you.
You closely miss the goblin.
Your tail-slap misses the goblin.
You feel very sick.
The goblin hits you with a +2 dagger of venom.
* * * LOW HITPOINT WARNING * * *
You are more poisoned.
You completely miss the goblin.
* * * LOW HITPOINT WARNING * * *
You feel very sick.
The goblin hits you with a +2 dagger of venom.
You die...

...............#
...............#
...............# ###
...............######..
..........#........##.#
........$.#........##.##
.......g..#........##..#
.......@..'........##...
..........#........##..P
..........#........##..P
..........#........+...P
..........#........#...♣
..........##......#.(..P
..........#######.#.#..P
..........# #.#.....
#.#..#..


You could see a goblin.

Vanquished Creatures
  A ball python (D:1)
  2 endoplasms (D:1)
  A giant cockroach (D:1)
  A hobgoblin (D:1)
  2 kobolds (D:1)
  2 rats (D:1)
9 creatures vanquished.

Notes
Turn   | Place    | Note
-------+----------+-------------------------------------------
     0 | D:1      | Stomo the Draconian Monk began the quest for the Orb.
     0 | D:1      | Reached XP level 1. HP: 19/19 MP: 1/1
   299 | D:1      | Found a faded altar of an unknown god.
   309 | D:1      | Reached XP level 2. HP: 25/26 MP: 2/2
   406 | D:1      | HP: 1/26 [poisoned by a goblin]
   406 | D:1      | Slain by a goblin

Illustrated notes

Levels and vault maps discovered:
D:1:      nzn_arrival_depleted_hourglass, layout_basic,
          dreamdust_ecumenical_altar_grove, due_unseen_surprise

Action                   || total
-------------------------++-------
Melee: Mace              ||    30
       Tailslap          ||     7
 Stab: Sleeping          ||     2
Armor: Skin              ||     8
Dodge: Dodged            ||    11
